 Dungeon Crawl Stone Soup version 0.26-a0-1012-gedcf9b2963 (webtiles) character file.

Game seed: 4120506725985592403

889 Delamore the Cudgeller (level 8, 0/49 HPs)
             Began as a Gargoyle Fighter on Dec 7, 2020.
             Was a Follower of Okawaru.
             Slain by a small abomination (4 damage)
             ... on level 1 of the Abyss.
             The game lasted 00:05:51 (4752 turns).

Delamore the Cudgeller (Gargoyle Fighter)           Turns: 4752, Time: 00:05:52

Health: 0/49       AC: 18    Str: 22    XL:     8   Next: 6%
Magic:  8/8        EV:  7    Int:  9    God:    Okawaru [*.....]
Gold:   301        SH: 10    Dex: 15    Spells: 7/7 levels left

rFire    + . .     SeeInvis .   u - +1 flail (vorpal)
rCold    . . .     Faith    .   c - +0 kite shield
rNeg     + . .     Spirit   .   b - +0 scale mail
rPois    ∞         Reflect  .   v - +2 helmet
rElec    +         Harm     .   (no cloak)
rCorr    .         Rampage  .   t - +0 pair of gloves
Will     .....                  h - +0 pair of boots
Stlth    ..........             (no amulet)
HPRegen  0.16/turn              e - +6 ring of dexterity
MPRegen  0.11/turn              A - ring of protection from fire

@: attractive, slowed, very slow
A: negative energy resistance 1, electricity resistance, unbreathing,
petrification resistance, rot immunity, AC +5
a: Heroism, Renounce Religion


You were on level 1 of the Abyss.
You worshipped Okawaru.
Okawaru was aware of your devotion.
You visited 2 branches of the dungeon, and saw 6 of its levels.
You visited the Abyss 1 time.

You collected 301 gold pieces.

Inventory:

Hand Weapons
 a - a +0 flail
 u - a +1 vorpal flail (weapon)
Armour
 b - a +0 scale mail (worn)
 c - a +0 kite shield (worn)
 h - a +0 pair of boots (worn)
 m - a +0 helmet
 t - a +0 pair of gloves (worn)
 v - a +2 helmet (worn)
Jewellery
 e - a +6 ring of dexterity (left hand)
 A - a ring of protection from fire (right hand)
Wands
 p - a wand of flame (36)
Scrolls
 g - 3 scrolls of amnesia {unknown}
 i - 5 scrolls of remove curse {unknown}
 j - 3 scrolls of teleportation {unknown}
 n - 3 scrolls of identify {unknown}
 q - 2 scrolls of fear {unknown}
 r - 2 scrolls of fog {unknown}
 w - a scroll of magic mapping {unknown}
 x - a scroll of blinking {unknown}
 y - a scroll of random uselessness {unknown}
Potions
 d - 4 potions of might
 f - 3 potions of curing
 k - a potion of invisibility {unknown}
 l - 3 potions of heal wounds {unknown}
 o - 2 potions of attraction
 s - a potion of haste {unknown}
 z - 2 potions of lignification {unknown}
 B - a potion of cancellation {unknown}


   Skills:
 - Level 5.0 Fighting
 + Level 7.3 Maces & Flails
 - Level 4.0 Armour
 - Level 0.2 Dodging
 - Level 5.0 Shields


You had 7 spell levels left.
You didn't know any spells.
Your spell library was empty.

Dungeon Overview and Level Annotations

Branches:
Dungeon (5/15)             Temple (1/1) D:4

Altars:
Ashenzari
Cheibriados
Dithmenos
Elyvilon
Fedhas
Gozag
Kikubaaqudgha
Makhleb
Nemelex Xobeh
Okawaru
Qazlal
Ru
Sif Muna
Uskayaw
Vehumet
Wu Jian
Xom
Yredelemnul
The Shining One

Annotations:
D:5 Zarkath's ghost, novice DrCj


Innate Abilities, Weirdness & Mutations

You are resistant to torment.
Your stone body is resilient. (AC +5)
You are immune to poison.
You resist negative energy. (rN+)
You are resistant to electric shocks. (rElec)
You can survive without breathing.
You are immune to petrification.
You are immune to rotting.


Message History

A wraith comes into view.
A small abomination comes into view.
You closely miss the small abomination. You barely miss the small abomination.
The small abomination hits you.
You hit the small abomination but do no damage.
The wraith closely misses you. The small abomination hits you!
* * * LOW HITPOINT WARNING * * *
You bludgeon the small abomination!!
The small abomination is almost destroyed.
You block the wraith's attack. The small abomination hits you!
* * * LOW HITPOINT WARNING * * *
It was a potion of curing.
You feel better. The wraith hits you.
* * * LOW HITPOINT WARNING * * *
The wraith drains your vigour!
You feel yourself slow down. The small abomination hits you.
* * * LOW HITPOINT WARNING * * *
It was a potion of attraction.
You feel attractive to monsters. The wraith hits you but does no damage.
The small abomination hits you.
You die...

. |.#.#. .#. #.#
....#[....#...##
....# ##'''#
.#..#
#.#...........##
. ...##
.##.###.# ##..
W..#.....# ##
#.####...##...#
##..## #.#.W## #
#.## ...#..@#
### #######.x#
###.. .#.# . #
#. .# #


You could see a wraith and a small abomination.

Vanquished Creatures
  A sky beast (D:5)
  An ogre (D:4)
  2 big kobolds (D:5)
  A howler monkey (D:5)
  A bullfrog zombie (D:5)
  A hound (D:5)
  5 orc priests
  An iguana (D:4)
  An orc wizard (D:4)
  2 worker ants (D:4)
  A killer bee zombie (D:5)
  8 adders
  3 white imps (D:5)
  2 worms
  4 dart slugs
  7 leopard geckos
  14 orcs
  12 bats
  8 giant cockroaches
  6 goblins
  7 hobgoblins
  2 jackals (D:4)
  10 kobolds
  A quokka (D:2)
  3 frilled lizards
  7 rats
111 creatures vanquished.

Vanquished Creatures (others)
  4 plants (D:4)
4 creatures vanquished.

Grand Total: 115 creatures vanquished

Notes
Turn   | Place    | Note
-------+----------+-------------------------------------------
     0 | D:1      | Delamore the Gargoyle Fighter began the quest for the Orb.
     0 | D:1      | Reached XP level 1. HP: 14/14 MP: 1/1
   151 | D:1      | Reached XP level 2. HP: 19/19 MP: 2/2
   690 | D:1      | Reached XP level 3. HP: 23/23 MP: 3/3
  1126 | D:2      | Reached skill level 3 in Maces & Flails
  1236 | D:2      | Reached XP level 4. HP: 28/28 MP: 4/4
  2046 | D:3      | Reached XP level 5. HP: 33/33 MP: 5/5
  2577 | D:4      | Found a snail-covered altar of Cheibriados.
  2605 | D:4      | Reached skill level 4 in Maces & Flails
  2608 | D:4      | Reached XP level 6. HP: 28/38 MP: 6/6
  2929 | D:4      | Found a staircase to the Ecumenical Temple.
  2951 | Temple   | Entered the Ecumenical Temple
  2996 | Temple   | Became a worshipper of Warmaster Okawaru
  3089 | D:4      | Found a shimmering blue altar of Sif Muna.
  3406 | D:4      | Reached skill level 5 in Shields
  3655 | D:5      | Entered Level 5 of the Dungeon
  3656 | D:5      | Noticed a sky beast
  3671 | D:5      | Reached skill level 5 in Fighting
  3692 | D:5      | Killed a sky beast
  3693 | D:5      | Reached skill level 5 in Maces & Flails
  3693 | D:5      | Reached XP level 7. HP: 28/44 MP: 7/7
  3766 | D:5      | Reached * piety under Okawaru
  3893 | D:5      | Reached skill level 6 in Maces & Flails
  4346 | D:5      | Noticed Zarkath's ghost (novice DrCj)
  4347 | D:5      | Found a runed translucent gate.
  4348 | D:5      | Found a runed translucent gate.
  4351 | D:5      | Found a runed translucent gate.
  4388 | D:5      | Found an opulent altar of Gozag.
  4663 | D:5      | Reached skill level 7 in Maces & Flails
  4675 | D:5      | Reached XP level 8. HP: 49/49 MP: 8/8
  4680 | D:5      | Cast into level 1 of the Abyss (kobold)
  4731 | Abyss:1  | Noticed a wraith
  4752 | Abyss:1  | Slain by a small abomination

Illustrated notes

Levels and vault maps discovered:
D:1:      dpeg_arrival_solitude, layout_basic
D:2:      layout_basic, grunt_ministairs_14
D:3:      layout_basic, due_unseen_surprise
D:4:      layout_cave_pools, cheibriados_altar_1, minmay_temple_entry_overgrown,
          chequers_big_river, led_sif_book
D:5:      layout_cave_pools, gammafunk_ghost_nasty_kobolds,
          nicolae_gozag_seed_capital
Temple:   grunt_wide_crystal_templ
Abyss:1:  base: Temple, hangedman_abyss_or_decor_lesser_grid

Skill      XL: |  1  2  3  4  5  6  7 |
---------------+----------------------+-----
Maces & Flails | 3 4 5 7 |  7.3
Shields        | 4 5 |  5.0
Armour         | 4 |  4.0
Fighting       | 4 5 |  5.0
Dodging        | |  0.2

Action                   |  1- 3 |  4- 6 |  7- 9 || total
-------------------------+-------+-------+-------++-------
Melee: Flail             |   145 |   259 |    80 ||   484
Invok: Heroism           |       |       |     1 ||     1
  Use: Potion            |       |       |     2 ||     2
Armor: Scale mail        |   106 |   163 |    47 ||   316
Dodge: Dodged            |    49 |    85 |    35 ||   169
Block: Kite shield       |    96 |   155 |    64 ||   315

Table legend: (Time is in decaauts)
 A = Elapsed time spent in this place.
 B = Non-inter-level travel time spent in this place.
 C = Inter-level travel time spent in this place.
 D = Time resting spent in this place.
 E = Time spent auto-exploring this place.
 F = Levels seen in this place.
 G = Mean time per level.
                   A        B        C        D        E       F      G
               +--------+--------+--------+--------+--------+-----+--------+
         Total |   4897 |   4750 |    147 |    326 |   3412 |   7 |  699.6 |
       Dungeon |   4762 |   4644 |    118 |    275 |   3381 |   5 |  952.4 |
        Temple |     62 |     33 |     29 |      0 |     31 |   1 |   62.0 |
         Abyss |     72 |     72 |      0 |     51 |      0 |   1 |   72.0 |
               +--------+--------+--------+--------+--------+-----+--------+

Top non-repeatable levels by time:
     D:4: 1381 daAuts
     D:2: 959 daAuts
     D:1: 952 daAuts
     D:5: 736 daAuts
     D:3: 732 daAuts
 Abyss:1: 72 daAuts
  Temple: 62 daAuts
